 Dungeon Sprint DCSS version 0.17-a0-1636-g3119f2b (webtiles) character file.

494 Kidiri the Protected (level 6, -11/60 HPs)
             Began as a Minotaur Fighter on Aug 6, 2015.
             Was a Follower of Okawaru.
             Killed by divine providence
             ... invoked by an orc priest
              (15 damage)
             ... in the Dungeon (Sprint VII: "The Pits").
             The game lasted 00:02:04 (277 turns).

Kidiri the Protected (Minotaur Fighter)              Turns: 277, Time: 00:02:04

Health: -11/60     AC: 14    Str: 23    XL:     6   Next: 92%
Magic:  6/7        EV:  9    Int:  5    God:    Okawaru [*.....]
Gold:   0          SH: 11    Dex:  9    Spells: 0 memorised, 5 levels left

rFire  . . .     SeeInvis .     a - +0 war axe
rCold  . . .     Clarity  .     s - +3 chain mail
rNeg   . . .     SustAt   .     c - +0 shield
rPois  .         Gourm    .     (helmet restricted)
rElec  .         Spirit   .     (no cloak)
rCorr  .         Warding  .     (no gloves)
rMut   .         NoTele   +     (no boots)
MR     .....                    (no amulet)
Stlth  ..........               (no ring)
                                (no ring)

@: not resistant to hostile enchantments, extremely unstealthy
A: retaliatory headbutt, horns 2
a: Heroism, Renounce Religion


You were in the Dungeon.
You worshipped Okawaru.
Okawaru was aware of your devotion.
You were not hungry.

You visited 1 branch

Inventory:

Hand weapons
 a - a +0 war axe (weapon)
Armour
 c - a +0 shield (worn)
 s - a +3 chain mail (worn)
Scrolls
 k - a scroll of blinking
 o - 3 scrolls of remove curse
 p - 5 scrolls of amnesia
 q - a scroll of summoning
Potions
 d - a potion of might
 f - 6 potions of curing
 g - 5 potions of heal wounds
 h - a potion of haste
 i - 4 potions of magic
 j - 3 potions of berserk rage
 n - 2 potions of invisibility
Comestibles
 e - 8 bread rations
 l - 40 fruits
 m - 7 meat rations
 r - 2 chunks of flesh


   Skills:
 + Level 7.0 Fighting
 * Level 9.0 Axes
 * Level 9.4 Armour
 + Level 5.3 Dodging
 * Level 9.4 Shields
 + Level 3.2 Invocations


You had 5 spell levels left.
You didn't know any spells.

Dungeon Overview and Level Annotations

Branches:
Dungeon (1/1)

Altars:
Ashenzari
Cheibriados
Dithmenos
Elyvilon
Fedhas
Gozag
Kikubaaqudgha
Makhleb
Nemelex Xobeh
Okawaru
Qazlal
Ru
Sif Muna
Trog
Vehumet
Xom
Yredelemnul
Zin
The Shining One
Beogh
Jiyva
Lugonu

Annotations:
D Prince Ribbit, Sigmund


Innate Abilities, Weirdness & Mutations

You reflexively headbutt those who attack you in melee.
You have a pair of horns on your head.


Message History

Your Shields skill increases to level 9!
Your Invocations skill increases to level 3!
You hit Prince Ribbit.
Prince Ribbit is heavily wounded.
Prince Ribbit hits you but does no damage.
Sigmund hits you from afar with a scythe!
* * * LOW HITPOINT WARNING * * *
Prince Ribbit hits you but does no damage.
The orc priest casts a cantrip, but nothing happens.
Things that are here:
a long sword; an elf corpse Prince Ribbit hops awkwardly around.
Prince Ribbit blinks!
The orc priest looks braver for a moment.
The orc priest calls down the wrath of Beogh upon you.
Something smites you!
* * * LOW HITPOINT WARNING * * *
The orc priest invokes the aid of Beogh against you.
Something smites you!
You die...

#_#)))+.+..##.....
#_#)))#.#?(##.....
#######+#####.....
#...........'.....
#'#####+#####.....
#.#...#%#[.##.....
#.#...#.#))#####+#
#.#.).+%#))##.....
#@##+####))##.....
#.#.....#..##.....
#.#.....#+###...<.
#@#........##.....
#.#........##.....
#o###########.....
#oo..o..# ######
#...#o..# #...# .#


You could see Sigmund, 2 orc priests and an orc.

Vanquished Creatures
  A deep elf fighter (D)
  A porcupine (D)
  3 brain worms (D)
  An adder (D)
  A gnoll (D)
  A giant eyeball (D)
  A white imp (D)
  An ooze (D)
  An orc (D)
  A giant cockroach (D)
  A giant gecko (D)
13 creatures vanquished.

Notes
Turn   | Place    | Note
--------------------------------------------------------------
     0 | D        | Kidiri the Minotaur Fighter began the quest for the Orb.
     0 | D        | Reached XP level 1. HP: 19/19 MP: 0/0
    12 | D        | Noticed a brain worm
    15 | D        | Killed a brain worm
    15 | D        | Reached skill level 4 in Fighting
    15 | D        | Reached skill level 5 in Axes
    15 | D        | Reached skill level 5 in Armour
    15 | D        | Reached skill level 5 in Shields
    15 | D        | Reached XP level 2. HP: 24/28 MP: 1/1
    15 | D        | Reached XP level 3. HP: 30/35 MP: 2/2
    26 | D        | Found a sacrificial altar of Ru.
    26 | D        | Found a basalt altar of Yredelemnul.
    26 | D        | Found a shadowy altar of Dithmenos.
    26 | D        | Found a deep blue altar of Sif Muna.
    26 | D        | Found a burning altar of Makhleb.
    26 | D        | Found a shimmering altar of Xom.
    26 | D        | Found an ancient bone altar of Kikubaaqudgha.
    26 | D        | Found a sparkling altar of Nemelex Xobeh.
    27 | D        | Found a glowing golden altar of the Shining One.
    27 | D        | Found a bloodstained altar of Trog.
    27 | D        | Found a shattered altar of Ashenzari.
    27 | D        | Found a white marble altar of Elyvilon.
    27 | D        | Found a snail-covered altar of Cheibriados.
    27 | D        | Found a blossoming altar of Fedhas.
    27 | D        | Found a radiant altar of Vehumet.
    27 | D        | Found a glowing silver altar of Zin.
    27 | D        | Found a corrupted altar of Lugonu.
    27 | D        | Found a viscous altar of Jiyva.
    27 | D        | Found a roughly hewn altar of Beogh.
    27 | D        | Found an iron altar of Okawaru.
    33 | D        | Found a stormy altar of Qazlal.
    34 | D        | Found an opulent altar of Gozag.
    36 | D        | Became a worshipper of Warmaster Okawaru
    70 | D        | Noticed a brain worm
    79 | D        | Killed a brain worm
    79 | D        | Reached skill level 5 in Fighting
    79 | D        | Reached skill level 6 in Axes
    79 | D        | Reached XP level 4. HP: 38/42 MP: 3/3
   101 | D        | Noticed a brain worm
   104 | D        | Reached skill level 7 in Armour
   104 | D        | Reached XP level 5. HP: 48/48 MP: 4/4
   109 | D        | Killed a brain worm
   109 | D        | Acquired Okawaru's first power
   109 | D        | Reached skill level 1 in Invocations
   121 | D        | Paralysed by a giant eyeball for 4 turns
   131 | D        | Reached skill level 8 in Armour
   256 | D        | Noticed a deep elf fighter
   257 | D        | Noticed Prince Ribbit
   257 | D        | Noticed a porcupine
   260 | D        | Noticed an orc priest
   260 | D        | Noticed Sigmund
   261 | D        | Noticed an orc priest
   267 | D        | Killed a porcupine
   267 | D        | Reached XP level 6. HP: 43/58 MP: 6/6
   273 | D        | Killed a deep elf fighter
   273 | D        | Reached skill level 9 in Axes
   273 | D        | Reached skill level 5 in Dodging
   277 | D        | Killed from afar by an orc priest

Vault maps used:
D:        pitsprint

Action                   |  1- 3 |  4- 6 || total
-------------------------+-------+-------++-------
Melee: War axe           |    11 |    27 ||    38
  Use: Potion            |       |     1 ||     1
